 Dungeon Crawl Stone Soup version 0.30-a0-883-g5ad918d77d (webtiles) character file.

Game seed: 2772018809432203281

6850 BigDaddyOpFi the Thaumaturge (level 10, -6/50 HPs)
             Began as a Deep Elf Earth Elementalist on Mar 16, 2023.
             Was a Priest of Vehumet.
             Shot with an arrow by a centaur (10 damage)
             ... on level 9 of the Dungeon.
             The game lasted 00:18:56 (14177 turns).

BigDaddyOpFi the Thaumaturge (DEEE)                Turns: 14177, Time: 00:18:57

Health: -6/50      AC:  7    Str: 11    XL:     10   Next: 78%
Magic:  17/26      EV: 14    Int: 31    God:    Vehumet [***...]
Gold:   242        SH:  0    Dex: 15    Spells: 2/29 levels left

rFire   . . .      SeeInvis .    s - +1 war axe
rCold   . . .      Faith    .    F - orb {guile}
rNeg    . . .      Spirit   .    t - +1 robe of Kauwapp {Slay+2 Stlth+}
rPois   .          Reflect  .    (no helmet)
rElec   .          Rampage  .    E - +2 cloak {Stlth+}
rCorr   .                        (no gloves)
Will    .....                    u - +0 pair of boots
Stlth   +++++                    (no amulet)
HPRegen 0.28/turn                C - +6 ring of intelligence
MPRegen 0.20/turn                p - +6 ring of strength

@: no status effects
A: no striking features
a: Renounce Religion


You were on level 9 of the Dungeon.
You worshipped Vehumet.
Vehumet was most pleased with you.
You visited 2 branches of the dungeon, and saw 10 of its levels.
You also visited: Ossuary.

You collected 567 gold pieces.
You spent 325 gold pieces at shops.

Inventory:

Hand Weapons
 s - a +1 war axe (weapon)
 w - the +7 dagger "Gorunlal" {heavy, rF- MP-9 Str+4 SInv}
   (You bought it in a shop on level 5 of the Dungeon)

   Str:       It affects your strength (+4).
   rF:        It makes you vulnerable to fire.
   MP:        It affects your magic capacity (-9).
   SInv:      It lets you see invisible.
Missiles
 q - 5 throwing nets
Armour
 t - the +1 robe of Kauwapp (worn) {Slay+2 Stlth+}
   (You bought it in a shop on level 1 of the Dungeon)

   Slay:      It affects your accuracy & damage with ranged weapons and melee
   (+2).
   Stlth:     It makes you more stealthy.
 u - a +0 pair of boots (worn)
 E - a +2 cloak of stealth (worn)
 F - an orb of guile (worn)
 H - the +0 cloak of Fitahuf {rElec rF- Dex+7}
   (You found it on level 7 of the Dungeon)

   Dex:       It affects your dexterity (+7).
   rF:        It makes you vulnerable to fire.
   rElec:     It insulates you from electricity.
Jewellery
 g - a +6 ring of dexterity
 n - a ring of positive energy
 p - a +6 ring of strength (right hand)
 C - a +6 ring of intelligence (left hand)
 D - a ring of protection from cold
 I - a ring of flight
 J - an amulet of reflection
Wands
 b - a wand of quicksilver (14)
 l - a wand of digging (4)
 r - a wand of iceblast (8)
 v - a wand of charming (5)
 B - a wand of flame (35)
Scrolls
 c - 2 scrolls of magic mapping
 d - 4 scrolls of amnesia
 h - 2 scrolls of noise
 o - a scroll of butterflies
 x - 2 scrolls of immolation
 y - 2 scrolls of teleportation
 G - a scroll of identify
 K - a scroll of silence {unknown}
 L - a scroll of blinking
 M - a scroll of fear {unknown}
Potions
 a - 2 potions of attraction {unknown}
 e - a potion of brilliance
 f - a potion of flight {unknown}
 i - a potion of might
 j - a potion of haste {unknown}
 k - 3 potions of berserk rage {unknown}
 m - 6 potions of curing
 z - 5 potions of degeneration {unknown}
 A - 3 potions of heal wounds


   Skills:
 - Level 2.4 Axes
 - Level 4.7 Dodging
 - Level 5.0 Stealth
 + Level 10.0 Spellcasting
 * Level 9.8 Conjurations
 - Level 5.0 Translocations
 - Level 7.0 Transmutations
 * Level 8.0 Earth Magic


You had 2 spell levels left.
You knew the following spells:

 Your Spells              Type           Power      Damage    Failure   Level
a - Sandblast             Erth           100%       2d20      1%          1
b - Stone Arrow           Conj/Erth      100%       3d13      1%          3
c - Necrotise             Necr           60%        1d7       3%          1
d - Searing Ray           Conj           100%       2d8       1%          2
e - Manifold Assault      Tloc           46%        N/A       4%          4
f - Animate Armour        Summ/Erth      80%        N/A       6%          4
g - Olgreb's Toxic Radia  Pois           15%        N/A       9%          4
h - Lehudib's Crystal Sp  Conj/Erth      31%        10d8      77%         8

Your spell library contained the following spells:

 Spells                   Type           Power      Damage    Failure   Level
 Dazzling Flash           Conj/Hex       90%        N/A       1%          3
 Apportation              Tloc           92%        N/A       1%          1
 Sting                    Tmut/Pois      100%       1d8       1%          1
 Passwall                 Tmut/Erth      48%        N/A       1%          2
 Poisonous Vapours        Pois/Air       30%        N/A       1%          2
 Summon Small Mammal      Summ           60%        N/A       3%          1
 Petrify                  Tmut/Erth      58%        N/A       1%          4
 Dispersal                Tloc           23%        N/A       54%         6
 Disjunction              Tloc           23%        N/A       100%        8


Dungeon Overview and Level Annotations

Branches:
Dungeon (9/15)             Temple (1/1) D:7            Lair (0/5) D:8
Ossuary (visited)
    Orc: D:9-12

Altars:
Vehumet

Shops:
D:1 ?[*   D:3 !   D:5 (*[[


Message History

The stone arrow hits the steam dragon!
The steam dragon is heavily wounded.
Casting: Stone Arrow (safe; 1% risk of failure)
Confirm with . or Enter, or press ? or * to list all spells.
Aiming: Stone Arrow (safe; 1% risk of failure)
Press: ? - help, Shift-Dir - straight line, f/p - steam dragon
Aim: a steam dragon (heavily wounded, 78% to hit)
The stone arrow hits the steam dragon!
The steam dragon is severely wounded.
A centaur comes into view.
Casting: Stone Arrow (safe; 1% risk of failure)
Confirm with . or Enter, or press ? or * to list all spells.
Aiming: Stone Arrow (safe; 1% risk of failure)
Press: ? - help, Shift-Dir - straight line, f/p - steam dragon
Aim: a steam dragon (severely wounded, 78% to hit)
The stone arrow hits the steam dragon.
The steam dragon is almost dead.
The steam dragon barely misses you. x2
Casting: Stone Arrow (safe; 1% risk of failure)
Confirm with . or Enter, or press ? or * to list all spells.
Aiming: Sandblast (safe; 1% risk of failure)
Press: ? - help, Shift-Dir - straight line, f/p - steam dragon
Aim: a steam dragon (almost dead, 85% to hit)
The blast of sand hits the steam dragon!
You kill the steam dragon!
Vehumet accepts your kill.
Vehumet offers you knowledge of Dazzling Flash.
You feel your power returning.
The centaur wields a +4 shortbow.
The centaur shoots an arrow.
The arrow hits you!
The centaur shoots an arrow.
The arrow hits you.
* * * LOW HITPOINT WARNING * * *
Your Spellcasting skill increases to level 10!
Your Earth Magic skill increases to level 8!
Casting: Sandblast (safe; 1% risk of failure)
Confirm with . or Enter, or press ? or * to list all spells.
You don't know that spell.
The centaur shoots an arrow.
The arrow hits you!
* * * LOW HITPOINT WARNING * * *
The centaur shoots an arrow.
The arrow hits you!
You die...

.....#
#............#
.....#
####.........#
#.......##
#.......#
##......#
#......#
#......#
+......#
#..@...#
#<......... #+
#.......... ..
#.!........ ..
#....c..... ..
........... ..
............
..
.............
....


You could see a centaur.

Vanquished Creatures
  A komodo dragon (D:7)
  A hornet (D:8)
  Prince Ribbit (D:6)
  Grinder (D:6)
  2 slime creatures (D:5)
  Sigmund (D:3)
  A wyvern (D:8)
  A steam dragon (D:9)
  Edmund (D:4)
  4 water moccasins
  2 sky beasts
  2 orc warriors
  2 ogres (D:4)
  2 black bears
  2 centaurs (D:7)
  3 phantoms
  3 kobold brigands
  7 bullfrogs
  A gnoll sergeant (D:8)
  2 scorpions
  3 elf skeletons (D:6)
  16 wights
  4 water moccasin zombies (Ossuary)
  5 killer bees (D:9)
  A howler monkey (D:7)
  Crazy Yiuf (D:6)
  4 orc priests
  2 centaur zombies (Ossuary)
  8 jellies
  3 hounds (D:6)
  A human zombie (D:6)
  2 iguanas
  A human skeleton (D:6)
  Ijyb (D:5)
  11 orc wizards
  A scorpion zombie (Ossuary)
  An ogre zombie (Ossuary)
  A mummy (Ossuary)
  4 gnolls (D:8)
  6 adders
  3 white imps
  2 ufetubi
  2 adder zombies (Ossuary)
  2 worms
  2 dart slugs (D:5)
  32 orcs
  3 bats
  6 endoplasms
  3 giant cockroaches
  5 gnoll zombies (Ossuary)
  8 goblins
  20 hobgoblins
  2 jackals (D:2)
  3 ball pythons
  4 frilled lizards
  3 goblin zombies (Ossuary)
  6 hobgoblin zombies (Ossuary)
  15 kobolds
  An orc skeleton (D:6)
  3 orc zombies (Ossuary)
  10 rats
251 creatures vanquished.

Vanquished Creatures (others)
  9 fungi (D:5)
  17 plants
  6 toadstools (D:5)
32 creatures vanquished.

Grand Total: 283 creatures vanquished

Notes
Turn   | Place    | Note
-------+----------+-------------------------------------------
     0 | D:1      | BigDaddyOpFi the Deep Elf Earth Elementalist began the
                  | quest for the Orb.
     0 | D:1      | Reached XP level 1. HP: 10/10 MP: 6/6
   244 | D:1      | Reached XP level 2. HP: 15/15 MP: 4/8
   299 | D:1      | Found Hyeffeac's Magic Scroll Boutique.
   559 | D:1      | Found Tizu's General Store.
   791 | D:1      | Found Syawenk's Antique Armour Shoppe.
  1427 | D:2      | Reached XP level 3. HP: 19/19 MP: 8/10
  1451 | D:2      | Learned a level 3 spell: Stone Arrow
  2051 | D:3      | Reached skill level 1 in Conjurations
  2124 | D:3      | Reached XP level 4. HP: 24/24 MP: 9/11
  2150 | D:3      | Noticed Sigmund
  2157 | D:3      | Killed Sigmund
  2158 | D:3      | Reached skill level 4 in Spellcasting
  2158 | D:3      | Reached XP level 5. HP: 28/28 MP: 7/13
  2254 | D:3      | Found Jaonnela's Distillery.
  2663 | D:5      | Entered Level 5 of the Dungeon
  2946 | D:5      | Noticed a water moccasin
  2947 | D:5      | Noticed Ijyb
  2954 | D:5      | Killed Ijyb
  2955 | D:5      | Reached XP level 6. HP: 32/32 MP: 2/15
  2961 | D:5      | Killed a water moccasin
  2962 | D:5      | Reached skill level 5 in Spellcasting
  3921 | D:4      | Noticed Edmund
  3924 | D:4      | Killed Edmund
  3925 | D:4      | Reached skill level 5 in Earth Magic
  3925 | D:4      | Reached XP level 7. HP: 36/36 MP: 6/17
  4020 | D:4      | Reached skill level 5 in Conjurations
  4572 | D:4      | Reached skill level 6 in Spellcasting
  5154 | D:5      | Found Zishrion's Armour Shoppe.
  5281 | D:1      | Bought a silken robe for 171 gold pieces
  5281 | D:1      | Identified the +1 robe of Kauwapp {Slay+2 Stlth+} (You
                  | bought it in a shop on level 1 of the Dungeon)
  5476 | D:5      | Found Alajuyrgh's Armour Emporium.
  5519 | D:5      | Identified the +1 robe of Waax {rN+}
  5587 | D:5      | Found Vereg Kujac's Antique Weapon Shop.
  5601 | D:5      | Reached XP level 8. HP: 41/41 MP: 15/19
  5669 | D:5      | Bought a bloodstained dagger for 154 gold pieces
  5669 | D:5      | Identified the +7 dagger "Gorunlal" {heavy, rF- MP-9 Str+4
                  | SInv} (You bought it in a shop on level 5 of the Dungeon)
  5881 | D:5      | Found Betatrur's General Store.
  5970 | D:5      | Reached skill level 5 in Transmutations
  6188 | D:5      | Noticed a slime creature
  6188 | D:5      | Noticed a slime creature
  6276 | D:5      | Killed a slime creature
  6277 | D:5      | Reached skill level 7 in Spellcasting
  6487 | D:5      | Killed a slime creature
  6823 | D:6      | Noticed Prince Ribbit
  6831 | D:6      | Killed Prince Ribbit
  6832 | D:6      | Reached XP level 9. HP: 45/45 MP: 7/22
  7013 | D:6      | Found a radiant altar of Vehumet.
  7024 | D:6      | Became a worshipper of Vehumet
  7105 | D:6      | Found a sand-covered staircase.
  7113 | Ossuary  | Entered an ossuary
  8494 | Ossuary  | Reached skill level 8 in Spellcasting
  8829 | Ossuary  | Reached * piety under Vehumet
  8829 | Ossuary  | Offered knowledge of Magic Dart by Vehumet.
  8835 | Ossuary  | Learned a level 1 spell: Necrotise
  9213 | Ossuary  | Noticed a silent spectre
  9557 | D:6      | Noticed Grinder
  9563 | D:6      | Killed Grinder
 10181 | D:6      | Reached skill level 1 in Translocations
 10201 | D:6      | Reached XP level 10. HP: 13/50 MP: 18/24
 10356 | D:6      | Reached skill level 9 in Spellcasting
 10537 | D:6      | Found a runed translucent door.
 10538 | D:6      | Noticed Crazy Yiuf
 10542 | D:6      | Killed Crazy Yiuf
 10670 | D:7      | Reached ** piety under Vehumet
 10677 | D:7      | Reached skill level 1 in Axes
 10678 | D:7      | Offered knowledge of Searing Ray by Vehumet.
 10682 | D:7      | Learned a level 2 spell: Searing Ray
 11005 | D:7      | Found a staircase to the Ecumenical Temple.
 11015 | Temple   | Entered the Ecumenical Temple
 11070 | D:7      | Identified the +2 rapier "Ytiefub" {heavy, rF- Int+8}
 11351 | D:7      | Identified the +0 cloak of Fitahuf {rElec rF- Dex+7}
 12140 | D:8      | Offered knowledge of Static Discharge by Vehumet.
 12146 | D:8      | Learned a level 4 spell: Manifold Assault
 12467 | D:8      | Learned a level 4 spell: Animate Armour
 12713 | D:7      | Reached *** piety under Vehumet
 12961 | D:8      | Learned a level 4 spell: Olgreb's Toxic Radiance
 13281 | D:8      | Found a staircase to the Lair.
 13351 | D:8      | Reached skill level 5 in Stealth
 13351 | D:8      | Reached skill level 5 in Translocations
 13697 | D:9      | Learned a level 8 spell: Lehudib's Crystal Spear
 14176 | D:9      | Offered knowledge of Dazzling Flash by Vehumet.
 14177 | D:9      | Reached skill level 10 in Spellcasting
 14177 | D:9      | Shot with an arrow by a centaur

Illustrated notes

Levels and vault maps discovered:
D:1:      minmay_arrival_wavy_path, layout_loops_ring, serial_shops, shop, shop,
          nicolae_lakefront_shop, grunt_decor_arrowhead
D:2:      layout_loops_cross
D:3:      layout_basic, serial_shops, shop, uniq_sigmund
D:4:      layout_loops_ring, lexackson_kobold_supper, uniq_edmund
D:5:      cheibrodos_fertilizer, layout_loops_ring, serial_shops,
          kennysheep_mini, shop_statue, nicolae_stop_n_shop_1,
          nicolae_stop_n_shop_1, uniq_ijyb
D:6:      minmay_skewed_foursquare, layout_basic, fiery_altar_vehumet,
          nicolae_ossuary_entry_catacombs, uniq_crazy_yiuf_cottage,
          uniq_grinder, uniq_prince_ribbit1
D:7:      layout_basic, minmay_temple_entry_junction, minmay_starry_boxes
D:8:      layout_cave_pools, david_lair_shrubbed, hangedman_decor_slide_cut,
          corexii_checkpoint_b, dk_noncrumbling_4
D:9:      layout_irregular_city, lemuel_flamethrower_hall, uniq_joseph
Temple:   mainiacjoe_temple_starburst

Skill      XL: |  1  2  3  4  5  6  7  8  9 10 |
---------------+-------------------------------+-----
Transmutations | 2 3 4 5 7 |  7.0
Conjurations   | 1 3 4 6 7 9 |  9.8
Spellcasting   | 4 5 6 7 8 10 | 10.0
Earth Magic    | 4 5 6 7 8 |  8.0
Translocations | 1 5 |  5.0
Stealth        | 3 5 |  5.0
Dodging        | 3 4 |  4.7
Axes           | 2 |  2.4

Action                     |  1- 3 |  4- 6 |  7- 9 | 10-12 || total
---------------------------+-------+-------+-------+-------++-------
  Melee: Unarmed           |     6 |       |       |       ||     6
         Short sword       |     2 |     2 |       |       ||     4
         Dagger            |       |       |    20 |    14 ||    34
         Punch             |       |       |     1 |       ||     1
         War axe           |       |       |    48 |    50 ||    98
   Cast: Sandblast         |    54 |    27 |    69 |    53 ||   203
         Stone Arrow       |     1 |    20 |    96 |    57 ||   174
         Manifold Assault  |       |       |       |     7 ||     7
         Animate Armour    |       |       |       |     3 ||     3
         Olgreb's Toxic Ra |       |       |       |     2 ||     2
    Use: Scroll            |     4 |     2 |     5 |       ||    11
         Potion            |       |     3 |     4 |     1 ||     8
   Stab: Sleeping          |     1 |       |     1 |       ||     2
 Armour: Robe              |     5 |     7 |    41 |    32 ||    85
  Dodge: Dodged            |    27 |    29 |   108 |   108 ||   272

Table legend: (Time is in decaauts)
 A = Elapsed time spent in this place.
 B = Non-inter-level travel time spent in this place.
 C = Inter-level travel time spent in this place.
 D = Time resting spent in this place.
 E = Time spent auto-exploring this place.
 F = Levels seen in this place.
 G = Mean time per level.
                   A        B        C        D        E       F      G
               +--------+--------+--------+--------+--------+-----+--------+
         Total |  14344 |  13681 |    663 |   5982 |   5719 |  11 | 1304.0 |
       Dungeon |  12187 |  11524 |    663 |   4105 |   5719 |   9 | 1354.1 |
        Temple |      1 |      1 |      0 |      0 |      0 |   1 |    1.0 |
       Ossuary |   2155 |   2155 |      0 |   1877 |      0 |   1 | 2155.0 |
               +--------+--------+--------+--------+--------+-----+--------+

Top non-repeatable levels by time:
     D:5: 2271 daAuts
 Ossuary: 2155 daAuts
     D:7: 1780 daAuts
     D:4: 1711 daAuts
     D:6: 1654 daAuts
     D:8: 1363 daAuts
     D:1: 1190 daAuts
     D:2: 933 daAuts
     D:3: 782 daAuts
     D:9: 498 daAuts
  Temple: 1 daAuts
